[Event "Titled Tuesday Blitz April 19 Late 2022"]
[White "Mirza, Diana"]
[Black "Adewumi, Tanitoluwa"]
[WhiteFideId "2503999"]
[BlackFideId "30966396"]
[WhiteElo "1813"]
[BlackElo "2528"]
[Result "0-1"]
[Round "03"]
[TimeControl "180+1"]
[Date "2022.04.19"]
[WhiteClock "0:00:13"]
[BlackClock "0:00:15"]

1. b4 e5 2. Bb2 Bxb4 3. Bxe5 Nf6 4. e3 O-O 5. Nf3 d6 6. Bb2 Nc6 7. Bc4 d5 8. Bb3 Be6 9. O-O Re8 10. Ng5 Bd6 11. f4 Bf5 12. Qf3 h6 13. Nh3 d4 14. exd4 Qd7 15. Na3 Bg4 16. Qg3 Nh5 17. Qh4 Be7 18. Qf2 Bf6 19. Rab1 Re2 20. d5 Rxf2 21. Nxf2 Nd4 22. Bc4 Ne2+ 23. Kh1 Bxb2 24. Rxb2 b6 25. Bb5 Qf5 26. Bd3 Qxf4 27. Rbb1 Nhg3+ 28. hxg3 Qxg3 29. Nxg4 Qxg4 30. Rf3 Ng3+ 31. Kg1 Nh5 32. Rbf1 Rd8 33. Rxf7 Ng3 34. Kf2 Nxf1 35. Kxf1 Kxf7 36. Bc4 Qd7 37. d6+ Kf6 38. dxc7 Qxc7 39. d3 Qc5 40. Nb5 Rd7 41. Ke2 a6 42. Na3 Qxa3 43. Bb3 b5 44. Kd2 Rc7 45. c4 bxc4 46. Bxc4 Rxc4 47. dxc4 Qxa2+ 48. Kd3 Qxg2 49. Kd4 Qc6 50. c5 a5 51. Kc4 a4 52. Kb4 a3 53. Kxa3 h5 54. Kb4 h4 55. Kc4 h3 56. Kd3 h2 57. Kc4 h1=Q 58. Kd3 Qhd5+ 0-1


[Site "https://www.chess.com"]

[Event "Titled Tuesday Blitz April 19 Late 2022"]
[White "Miszler, Levente"]
[Black "Ricaurte Lopez, Juan Carlos"]
[WhiteFideId "763276"]
[BlackFideId "3600327"]
[WhiteElo "1966"]
[BlackElo "2209"]
[Result "0-1"]
[Round "03"]
[TimeControl "180+1"]
[Date "2022.04.19"]
[WhiteClock "0:00:03"]
[BlackClock "0:00:38"]

1. Nf3 d5 2. d3 c5 3. Nbd2 Nc6 4. e4 Nf6 5. g3 Bg4 6. Bg2 e6 7. h3 Bh5 8. g4 Bg6 9. Nh4 Be7 10. Nxg6 hxg6 11. O-O Qc7 12. c3 O-O-O 13. Qe2 dxe4 14. dxe4 Bd6 15. Re1 Bf4 16. Nf3 Bxc1 17. Raxc1 Qf4 18. Qe3 Qxe3 19. Rxe3 Rd7 20. Re2 Rhd8 21. Kf1 c4 22. Ke1 b5 23. e5 Nd5 24. Rd1 Nf4 25. Rxd7 Rxd7 26. Nh4 Nxe2 27. Bxc6 Rd3 28. Kxe2 Rxh3 29. Nf3 f6 30. Bxb5 Kc7 31. Bxc4 Kd7 32. b4 Rh1 33. a4 g5 34. exf6 gxf6 35. Nd4 e5 36. Nf5 Rc1 37. Kd2 Ra1 38. Ne3 Kd6 39. a5 e4 40. Bd5 Ke5 41. b5 Rb1 42. Bc6 Kd6 43. c4 Rb2+ 44. Kc3 Rxf2 45. Bxe4 Rf4 46. Kd3 Kc5 47. Nd5 Rxg4 48. Nxf6 Rg3+ 49. Ke2 Kxc4 50. b6 axb6 51. axb6 Rh3 52. b7 Rh2+ 53. Kf3 Rb2 0-1


[Site "https://www.chess.com"]

[Event "Titled Tuesday Blitz April 19 Late 2022"]
[White "Mitra, Roman C"]
[Black "Potapova, Margarita"]
[WhiteFideId "419540"]
[BlackFideId "14126869"]
[WhiteElo "2174"]
[BlackElo "2216"]
[Result "1-0"]
[Round "03"]
[TimeControl "180+1"]
[Date "2022.04.19"]
[WhiteClock "0:01:14"]
[BlackClock "0:00:10"]

1. c4 Nf6 2. g3 e6 3. Bg2 d5 4. cxd5 exd5 5. Qc2 Bd6 6. Nf3 O-O 7. O-O Re8 8. Re1 c5 9. d4 c4 10. b3 cxb3 11. Qxb3 Nc6 12. Nc3 Bg4 13. e3 Bxf3 14. Bxf3 Nxd4 15. Qd1 Nxf3+ 16. Qxf3 Be5 17. Bb2 Ne4 18. Rac1 Qa5 19. Nxe4 Bxb2 20. Ng5 Bxc1 21. Qxf7+ Kh8 22. Rxc1 Qb6 23. Rc7 Qg6 24. Qxd5 h6 25. Nf7+ Kh7 26. Ne5 Qb1+ 27. Kg2 Rad8 28. Qf7 Qe4+ 29. Nf3 Rg8 30. Re7 Qc6 31. Re6 Qd5 32. Qg6+ Kh8 33. e4 Qxa2 34. Ng5 1-0


[Site "https://www.chess.com"]

[Event "Titled Tuesday Blitz April 19 Late 2022"]
[White "Mohammadian, Mohammad"]
[Black "Kanyamarala, Tarun"]
[WhiteFideId "12566055"]
[BlackFideId "45004714"]
[WhiteElo "1544"]
[BlackElo "2177"]
[Result "0-1"]
[Round "03"]
[TimeControl "180+1"]
[Date "2022.04.19"]
[WhiteClock "0:00:01"]
[BlackClock "0:01:20"]

1. e4 c5 2. Nf3 Nc6 3. d4 cxd4 4. Nxd4 Nf6 5. Nc3 h5 6. Be2 g6 7. Be3 Bg7 8. Qd2 Ng4 9. Bxg4 hxg4 10. O-O-O d6 11. Kb1 Bd7 12. a3 Ne5 13. b3 a6 14. Nd5 b5 15. f4 gxf3 16. gxf3 Rh3 17. f4 Ng4 18. Rdg1 Nxe3 19. Nxe3 Qb6 20. c3 Bc6 21. Nxc6 Qxc6 22. Nd5 e6 23. Qg2 Rh8 24. Nb4 Qxc3 25. Qa2 Rh3 26. Rg2 Qxb3+ 27. Qxb3 Rxb3+ 28. Ka2 Re3 29. e5 dxe5 30. fxe5 Rxe5 31. Rc2 a5 32. Nc6 Rd5 33. Rhc1 b4 34. a4 Rd3 35. Nxa5 Rxa5 36. Rc8+ Ke7 37. R1c7+ Rd7 0-1


[Site "https://www.chess.com"]

[Event "Titled Tuesday Blitz April 19 Late 2022"]
[White "Mortazavi, Ali"]
[Black "Kazakouski, Valery"]
[WhiteFideId "401323"]
[BlackFideId "13507443"]
[WhiteElo "2339"]
[BlackElo "2524"]
[Result "0-1"]
[Round "03"]
[TimeControl "180+1"]
[Date "2022.04.19"]
[WhiteClock "0:01:28"]
[BlackClock "0:00:55"]

1. Nf3 Nf6 2. g3 e6 3. Bg2 d5 4. O-O Be7 5. d3 O-O 6. Nbd2 Nc6 7. e4 dxe4 8. dxe4 e5 9. c3 a5 10. a4 Bc5 11. h3 h6 12. Qe2 b6 13. Rd1 Ba6 14. Qe1 Qe7 15. Nh4 Rfd8 16. Nf5 Qe6 17. Nf1 Rxd1 18. Qxd1 Rd8 19. Qf3 Ne7 20. N1e3 Nxf5 21. Nxf5 Bd3 22. Nd4 Bxd4 23. cxd4 Bxe4 24. Qc3 Rxd4 25. Be3 Rc4 26. Qd2 Bxg2 27. Kxg2 Qd5+ 28. Qxd5 Nxd5 29. Re1 Rxa4 30. Kf3 f6 31. Bc1 Kf7 32. g4 Rb4 33. h4 Rb3+ 34. Ke4 Ke6 35. f4 Rb4+ 36. Kf3 Nxf4 37. g5 hxg5 38. hxg5 Kf5 39. gxf6 gxf6 40. Rh1 Rb3+ 41. Kf2 Nd3+ 0-1


[Site "https://www.chess.com"]

[Event "Titled Tuesday Blitz April 19 Late 2022"]
[White "Musovic, Armin"]
[Black "Kujawski, Adam"]
[WhiteFideId "939935"]
[BlackFideId "1100920"]
[WhiteElo "2255"]
[BlackElo "2053"]
[Result "1-0"]
[Round "03"]
[TimeControl "180+1"]
[Date "2022.04.19"]
[WhiteClock "0:02:13"]
[BlackClock "0:00:06"]

1. a3 e5 2. Nc3 Nf6 3. d4 exd4 4. Qxd4 Nc6 5. Qa4 d5 6. Bg5 Bd7 7. O-O-O d4 8. Nb5 Bc5 9. Nf3 a6 10. Qc4 axb5 11. Qxc5 b4 12. Nxd4 bxa3 13. bxa3 h6 14. Nxc6 bxc6 15. Qe5+ Kf8 16. Bxf6 gxf6 17. Qc5+ Kg7 18. Rd3 Qe8 19. Rg3+ Kh7 20. e3 f5 21. Bd3 Qe6 22. Rf3 Qg6 23. Rxf5 Bxf5 24. Bxf5 Rxa3 25. Bxg6+ 1-0


[Site "https://www.chess.com"]

[Event "Titled Tuesday Blitz April 19 Late 2022"]
[White "Naroditsky, Daniel"]
[Black "Kavyev, Ruslan"]
[WhiteFideId "2026961"]
[BlackFideId "34110981"]
[WhiteElo "2608"]
[BlackElo "2182"]
[Result "1-0"]
[Round "03"]
[TimeControl "180+1"]
[Date "2022.04.19"]
[WhiteClock "0:01:44"]
[BlackClock "0:00:10"]

1. e4 c5 2. Nf3 d6 3. c3 Nf6 4. Bd3 Bg4 5. Bc2 Nc6 6. h3 Bh5 7. d3 e6 8. Nbd2 Be7 9. Nf1 O-O 10. Ng3 Bg6 11. O-O d5 12. Qe2 b5 13. Nh4 d4 14. Nxg6 fxg6 15. a4 b4 16. Bb3 Qd7 17. cxb4 cxb4 18. a5 Kh8 19. Bd2 Qd8 20. a6 h6 21. Bxe6 Bd6 22. f4 Qe7 23. Bc4 Bc5 24. e5 Nd7 25. Ne4 Nb6 26. Bb3 Nd7 27. Rfc1 Rac8 28. Qg4 g5 29. Be6 Ndxe5 30. fxe5 Nxe5 31. Qg3 Qxe6 32. Nxc5 Qd5 33. Bxb4 Nf3+ 34. gxf3 Rxf3 35. Qg2 Qf5 36. Ne4 Rxc1+ 37. Rxc1 Rxd3 38. Qg4 Qe5 39. Bd6 Qd5 40. h4 Re3 41. Rc8+ Kh7 42. Nxg5+ hxg5 43. Qh5# 1-0


[Site "https://www.chess.com"]

[Event "Titled Tuesday Blitz April 19 Late 2022"]
[White "Nozdrachev, Leonid"]
[Black "Ardila, Oscar Humberto"]
[WhiteFideId "24113433"]
[BlackFideId "4404742"]
[WhiteElo "2242"]
[BlackElo "1983"]
[Result "0-1"]
[Round "03"]
[TimeControl "180+1"]
[Date "2022.04.19"]
[WhiteClock "0:00:06"]
[BlackClock "0:00:16"]

1. e4 e5 2. Nf3 Nf6 3. Nxe5 d6 4. Nd3 Nxe4 5. Nc3 Nf6 6. Qe2+ Be7 7. g3 O-O 8. Bg2 Re8 9. O-O Bg4 10. Bf3 Bxf3 11. Qxf3 Nc6 12. Nf4 Qd7 13. d3 Nd4 14. Qd1 Qc6 15. f3 d5 16. Be3 Bc5 17. Bf2 Re7 18. Nce2 Nxf3+ 19. Kh1 d4 20. Ng2 Rae8 21. Ng1 Ng5 22. Qd2 h6 23. Rae1 Ng4 24. h4 Nf3 25. Nxf3 Qxf3 26. Rxe7 Rxe7 27. Kg1 Ne3 28. Ne1 Qg4 29. Bxe3 dxe3 30. Qg2 e2+ 31. Rf2 Qf5 32. c3 Be3 33. d4 Qb1 34. Kh2 Bxf2 35. Qxf2 Qe4 36. h5 b6 37. Kg1 Qg4 38. Kh2 Qxh5+ 39. Kg2 Qg4 40. Qf3 Qe6 41. Qa8+ Kh7 42. Qf3 g6 43. Kf2 c5 44. d5 Qe5 45. c4 f5 46. Qd3 Qe4 47. Qd2 Qd4+ 48. Qxd4 cxd4 49. Nd3 Re3 50. Ne1 Re4 51. b4 Kg7 52. d6 Kf7 53. c5 bxc5 54. bxc5 Ke6 55. a4 Kd7 56. Nd3 Kc6 57. a5 a6 58. Nb4+ Kxc5 59. Nd3+ Kxd6 60. Ke1 Kd5 61. Nf2 Kc4 62. g4 Kc3 63. gxf5 gxf5 64. Nxe4+ fxe4 65. Kf2 Kc2 66. Ke1 d3 67. Kf2 d2 68. Kxe2 d1=Q+ 69. Ke3 Qd2+ 70. Kxe4 Qxa5 71. Kd4 Qb5 72. Ke4 a5 73. Kf3 a4 74. Kg2 a3 75. Kh1 a2 76. Kg2 a1=Q 77. Kh3 Qc3+ 78. Kg4 Qd4+ 79. Kf3 Qbd3+ 80. Kg2 Qe2+ 81. Kh1 Qdd1# 0-1


[Site "https://www.chess.com"]

[Event "Titled Tuesday Blitz April 19 Late 2022"]
[White "Omariev, Maksim"]
[Black "Holt, Conrad"]
[WhiteFideId "4193423"]
[BlackFideId "2034387"]
[WhiteElo "2509"]
[BlackElo "2586"]
[Result "0-1"]
[Round "03"]
[TimeControl "180+1"]
[Date "2022.04.19"]
[WhiteClock "0:00:07"]
[BlackClock "0:00:20"]

1. g4 e5 2. Bg2 d5 3. h3 Ne7 4. d4 e4 5. c4 c6 6. Nc3 Nd7 7. Bg5 Qa5 8. cxd5 Nxd5 9. Qd2 Bb4 10. Rc1 h6 11. Bh4 f5 12. gxf5 N7f6 13. e3 Bxf5 14. Nge2 Qa6 15. Ng3 Bh7 16. Bxf6 Nxf6 17. a3 Bxc3 18. Qxc3 O-O-O 19. b4 Kb8 20. Bf1 Qb6 21. Qc5 Qc7 22. b5 Qa5+ 23. Qb4 Qxb4+ 24. axb4 cxb5 25. Bxb5 Nd5 26. Ke2 Rc8 27. Rc5 Nc3+ 28. Kd2 Rxc5 29. bxc5 Nxb5 30. Rb1 a6 31. Rb4 Rd8 32. Kc2 Kc7 33. Kb3 Bg8+ 34. Ka4 Bd5 35. Ka5 Rf8 36. Rb2 g6 37. Nf1 Rf3 38. Ng3 h5 39. h4 Kc6 40. Kb4 b6 41. cxb6 Kxb6 42. Rc2 a5+ 43. Ka4 Rf7 44. Rc5 Bc6 45. d5 Kxc5 46. dxc6 Kxc6 47. Nxe4 Re7 48. f3 Rxe4+ 49. fxe4 Kb6 50. e5 Nc7 51. e4 Ne6 52. Kb3 Kb5 53. Ka3 a4 0-1


[Site "https://www.chess.com"]

[Event "Titled Tuesday Blitz April 19 Late 2022"]
[White "Onslow, Alfie"]
[Black "Spata, German"]
[WhiteFideId "436976"]
[BlackFideId "113026"]
[WhiteElo "1884"]
[BlackElo "2238"]
[Result "0-1"]
[Round "03"]
[TimeControl "180+1"]
[Date "2022.04.19"]
[WhiteClock "0:00:10"]
[BlackClock "0:00:04"]

1. e4 d6 2. d4 g6 3. h4 h6 4. h5 g5 5. Nc3 Bg7 6. Be3 c6 7. Qd2 e5 8. Nge2 Qc7 9. O-O-O Nf6 10. f3 Na6 11. Kb1 b5 12. Bxg5 hxg5 13. Qxg5 Rh7 14. h6 Bh8 15. dxe5 dxe5 16. Ng3 Qe7 17. Nh5 Kf8 18. Ng7 Be6 19. f4 exf4 20. Be2 Bxg7 21. hxg7+ Rxg7 22. Rh8+ Ng8 23. Qh6 Qg5 24. Qh1 Nc5 25. Bf3 Rd8 26. Re1 Qe5 27. Qh6 Qg5 28. Qh2 Qg3 29. Qh1 b4 30. Ne2 Qg5 31. Qh2 Na4 32. Nxf4 Qf6 33. Rh1 Qxb2# 0-1


[Site "https://www.chess.com"]

[Event "Titled Tuesday Blitz April 19 Late 2022"]
[White "Oparin, Grigoriy"]
[Black "Mekhitarian, Krikor Sevag"]
[WhiteFideId "24125890"]
[BlackFideId "2107660"]
[WhiteElo "2665"]
[BlackElo "2598"]
[Result "1-0"]
[Round "03"]
[TimeControl "180+1"]
[Date "2022.04.19"]
[WhiteClock "0:01:10"]
[BlackClock "0:00:18"]

1. d4 Nf6 2. c4 g6 3. Nf3 Bg7 4. Nc3 d5 5. cxd5 Nxd5 6. g3 O-O 7. Bg2 c5 8. O-O cxd4 9. Nxd5 Qxd5 10. Be3 Nc6 11. Nxd4 Qa5 12. Nxc6 bxc6 13. Qc2 Bf5 14. Qxc6 Bxb2 15. Rad1 Rac8 16. Qb7 Bf6 17. Qxa7 Qxa7 18. Bxa7 Rc2 19. a3 Rxe2 20. Rfe1 Ra2 21. Bc5 Rc8 22. Bb4 e6 23. Rd2 Rxd2 24. Bxd2 Rc2 25. Be3 Ra2 26. Bc5 Bb2 27. Rd1 Bxa3 28. Rd8+ Kg7 29. Bd4+ Kh6 30. Rg8 Bb2 31. Be3+ Kh5 32. h3 1-0


[Site "https://www.chess.com"]

[Event "Titled Tuesday Blitz April 19 Late 2022"]
[White "Paravyan, David"]
[Black "Aldokhin, Ivan"]
[WhiteFideId "4194985"]
[BlackFideId "24115720"]
[WhiteElo "2569"]
[BlackElo "2231"]
[Result "1-0"]
[Round "03"]
[TimeControl "180+1"]
[Date "2022.04.19"]
[WhiteClock "0:00:21"]
[BlackClock "0:00:01"]

1. e4 c5 2. Nf3 e6 3. d4 cxd4 4. Nxd4 Nc6 5. Nc3 Qc7 6. Be3 a6 7. Qf3 Nf6 8. O-O-O Bb4 9. Nxc6 bxc6 10. Bd4 Be7 11. e5 Nd5 12. Ne4 c5 13. Nd6+ Bxd6 14. exd6 Qxd6 15. Bxg7 Rg8 16. Bh6 Qc6 17. Bd3 c4 18. Be4 Bb7 19. Bxd5 exd5 20. Rhe1+ Kd8 21. Be3 Qg6 22. Bd4 a5 23. g3 Ra6 24. Qf4 Kc8 25. Re7 Re6 26. Re1 Qg5 27. Qxg5 Rxg5 28. Kd2 Rf5 29. Re8+ Kc7 30. Rh8 h5 31. f4 Bc6 32. Re5 Rexe5 33. Bxe5+ d6 34. Bd4 a4 35. a3 Kd7 36. Rh6 Ke7 37. Kc3 Bd7 38. Kd2 Be8 39. Ke3 f6 40. h3 Ke6 41. g4 hxg4 42. hxg4 1-0


[Site "https://www.chess.com"]

[Event "Titled Tuesday Blitz April 19 Late 2022"]
[White "Perrine, Dalton"]
[Black "Rytenko, Vsevolod"]
[WhiteFideId "2048434"]
[BlackFideId "14133040"]
[WhiteElo "2463"]
[BlackElo "2120"]
[Result "1/2-1/2"]
[Round "03"]
[TimeControl "180+1"]
[Date "2022.04.19"]
[WhiteClock "0:00:06"]
[BlackClock "0:00:10"]

1. Nf3 Nf6 2. g3 b6 3. Bg2 Bb7 4. O-O g6 5. b3 Bg7 6. Bb2 O-O 7. c4 c5 8. d4 cxd4 9. Qxd4 Nc6 10. Qf4 d5 11. Rd1 e6 12. Nc3 Qe7 13. cxd5 exd5 14. Qh4 Rad8 15. Nb5 h6 16. Ba3 Qxe2 17. Bxf8 Rxf8 18. Nfd4 Qb2 19. Qf4 Ne4 20. Nxc6 Bxc6 21. Nxa7 Nc3 22. Qd2 Nxd1 23. Rxd1 Qxd2 24. Rxd2 Bb7 25. Bxd5 Bxd5 26. Rxd5 Ra8 27. Rd7 b5 28. Rc7 b4 29. Rc8+ Rxc8 30. Nxc8 Kf8 31. Kf1 Bd4 32. Nd6 Ke7 33. Nc4 Ke6 34. Ke2 Kd5 35. f3 Bg1 36. h3 Kd4 37. Kd2 Bh2 38. g4 Bf4+ 39. Kc2 h5 40. Kb2 Kd3 41. a3 bxa3+ 42. Kxa3 Ke2 43. gxh5 gxh5 44. Nb6 Kxf3 45. Nd5 Bd6+ 46. b4 Kg3 47. Nf6 h4 48. Ne4+ Kxh3 49. Nxd6 Kg2 50. Nf5 h3 51. Ne3+ Kf2 52. Ng4+ Kg3 53. Ne3 Kf3 54. Nf1 Kf2 55. Nh2 Kg2 56. Ng4 f5 57. Ne3+ Kf3 58. Nf1 Kf2 59. Nh2 Kg2 60. b5 Kxh2 61. b6 Kg1 62. b7 h2 63. b8=Q h1=Q 64. Qb1+ Kh2 65. Qxf5 Qa1+ 66. Kb3 Qg1 67. Qd3 Qg3 68. Qxg3+ Kxg3 1/2-1/2


[Site "https://www.chess.com"]

[Event "Titled Tuesday Blitz April 19 Late 2022"]
[White "Pesotskiy, Mikhail"]
[Black "Gu, Xiaobing"]
[WhiteFideId "34164453"]
[BlackFideId "8602611"]
[WhiteElo "2010"]
[BlackElo "2174"]
[Result "1-0"]
[Round "03"]
[TimeControl "180+1"]
[Date "2022.04.19"]
[WhiteClock "0:00:58"]
[BlackClock "0:00:08"]

1. d4 Nf6 2. c4 g6 3. Nc3 Bg7 4. e4 d6 5. f3 c6 6. Be3 a6 7. Qd2 b5 8. Bd3 Nbd7 9. Nge2 bxc4 10. Bxc4 Nb6 11. Bd3 a5 12. O-O O-O 13. Rfc1 Nfd7 14. Rc2 Ba6 15. Bxa6 Rxa6 16. b3 c5 17. Rd1 cxd4 18. Nxd4 a4 19. Nc6 Qe8 20. Nxa4 Nxa4 21. bxa4 Nb8 22. Nxb8 Qxb8 23. a5 Qb5 24. Bb6 h5 25. Qd3 Qxd3 26. Rxd3 f5 27. exf5 Rxf5 28. Rc7 Kf7 29. Re3 Bf6 30. Ra3 Rb5 31. Ra7 Rxa7 32. Bxa7 d5 33. a6 d4 34. Kf2 Rb2+ 35. Kg3 h4+ 36. Kh3 g5 37. Bc5 d3 38. Rxd3 Rxa2 39. a7 Be5 40. Rd8 g4+ 41. fxg4 1-0


[Site "https://www.chess.com"]

[Event "Titled Tuesday Blitz April 19 Late 2022"]
[White "Petrova, Irina"]
[Black "Ozdemir, Serhan Berat"]
[WhiteFideId "14124122"]
[BlackFideId "6374611"]
[WhiteElo "1993"]
[BlackElo "1920"]
[Result "0-1"]
[Round "03"]
[TimeControl "180+1"]
[Date "2022.04.19"]
[WhiteClock "0:00:11"]
[BlackClock "0:00:04"]

1. e4 c5 2. Nf3 e6 3. b3 d5 4. exd5 exd5 5. Bb5+ Nc6 6. O-O Nf6 7. d4 Be7 8. dxc5 Bxc5 9. Re1+ Be6 10. Bb2 O-O 11. Nbd2 Bxf2+ 12. Kxf2 Qb6+ 13. Kf1 Qxb5+ 14. Qe2 Qb6 15. Qf2 Qxf2+ 16. Kxf2 Rfe8 17. Bxf6 gxf6 18. a3 Rad8 19. b4 Bf5 20. b5 Ne5 21. Nd4 Bg6 22. h3 Rc8 23. Rac1 Rc3 24. N2b3 Rec8 25. Na5 Nd3+ 26. cxd3 Rxc1 27. Nxb7 Rxe1 28. Kxe1 Rc3 29. Nc6 Rxa3 30. Nc5 Kf8 31. Ke2 Ke8 32. Ke3 Ra2 33. Kd4 Bf5 34. Kxd5 Bd7 35. g4 Ra3 36. d4 Ra2 37. Na6 Bxc6+ 38. Kxc6 Ke7 39. Kb7 Rb2 40. Nc7 Kd7 41. d5 f5 42. gxf5 Rb3 43. f6 Kd6 44. Ne8+ Kxd5 45. Ka6 Ra3+ 46. Kb7 Ra5 47. Kc8 Rxb5 48. Nc7+ Ke5 49. Nxb5 a5 50. Kd7 Kxf6 51. Ke8 Kg6 52. Ke7 f5 53. Ke6 a4 54. Ke5 Kg5 55. h4+ Kg4 56. h5 f4 57. Ke4 f3 58. Ke3 Kg3 59. Nd4 a3 60. Nc2 a2 61. h6 f2 62. Ke2 Kg2 63. Ne3+ Kg1 0-1


[Site "https://www.chess.com"]

[Event "Titled Tuesday Blitz April 19 Late 2022"]
[White "Petrovic, Aleksa"]
[Black "Goncalves, Ivan Mesquita V"]
[WhiteFideId "967629"]
[BlackFideId "2114224"]
[WhiteElo "2198"]
[BlackElo "2299"]
[Result "0-1"]
[Round "03"]
[TimeControl "180+1"]
[Date "2022.04.19"]
[WhiteClock "0:00:01"]
[BlackClock "0:00:14"]

1. d4 Nf6 2. c4 e6 3. Nf3 Bb4+ 4. Bd2 a5 5. g3 O-O 6. Bg2 d6 7. O-O Bxd2 8. Qxd2 Qe7 9. Nc3 c6 10. e4 e5 11. Rad1 Bg4 12. h3 Bh5 13. dxe5 dxe5 14. Qd6 Qxd6 15. Rxd6 Bxf3 16. Bxf3 Na6 17. Na4 Nb4 18. a3 Nc2 19. Bg2 Rfd8 20. Rfd1 Nd4 21. Rxd8+ Rxd8 22. Kh2 Nd7 23. f4 f6 24. h4 Kf7 25. Nc3 Nc5 26. b4 Ncb3 27. c5 axb4 28. axb4 Ra8 29. Bf1 Ra3 30. Bc4+ Ke7 31. fxe5 Nf3+ 32. Kg2 Nxe5 33. Be2 Nxc5 34. bxc5 Rxc3 35. Rb1 Rxc5 36. Rxb7+ Kf8 37. Rb8+ Kf7 38. Rb7+ Kg6 39. Kh3 h5 40. Rc7 Rc2 41. Bd1 Rd2 42. Bb3 Ng4 43. Bf7+ Kh6 44. Bxh5 Kxh5 45. Rxg7 Rh2# 0-1


[Site "https://www.chess.com"]

[Event "Titled Tuesday Blitz April 19 Late 2022"]
[White "Petrovskyi, Vadym"]
[Black "Iskusnyh, Sergei"]
[WhiteFideId "14165210"]
[BlackFideId "4120027"]
[WhiteElo "2400"]
[BlackElo "2492"]
[Result "1-0"]
[Round "03"]
[TimeControl "180+1"]
[Date "2022.04.19"]
[WhiteClock "0:02:05"]
[BlackClock "0:00:57"]

1. e4 e6 2. d4 d5 3. Nc3 Nf6 4. e5 Nfd7 5. f4 c5 6. Nf3 Be7 7. Be3 O-O 8. Be2 a6 9. Qd2 b5 10. O-O Nc6 11. Nd1 b4 12. c3 a5 13. g4 Ba6 14. Bxa6 Rxa6 15. f5 bxc3 16. bxc3 Nb6 17. Nb2 a4 18. dxc5 Nd7 19. Nd3 Qa5 20. Kh1 Nxc5 21. Bxc5 Bxc5 22. f6 d4 23. Qg5 1-0


[Site "https://www.chess.com"]

[Event "Titled Tuesday Blitz April 19 Late 2022"]
[White "Pinheiro, Iung Alicio de O."]
[Black "Grigorov, Grigor"]
[WhiteFideId "2104350"]
[BlackFideId "2907313"]
[WhiteElo "2597"]
[BlackElo "2510"]
[Result "0-1"]
[Round "03"]
[TimeControl "180+1"]
[Date "2022.04.19"]
[WhiteClock "0:00:08"]
[BlackClock "0:00:15"]

1. c4 e5 2. g3 Nf6 3. Bg2 c6 4. d4 exd4 5. Qxd4 d5 6. Nf3 Be7 7. cxd5 cxd5 8. O-O Nc6 9. Qa4 O-O 10. Rd1 Bg4 11. Be3 Re8 12. Nc3 Bb4 13. Rac1 Rxe3 14. fxe3 Qe7 15. a3 Qxe3+ 16. Kh1 Bxc3 17. Rxc3 Qxe2 18. Qc2 Qe7 19. Re1 Qd6 20. Rce3 d4 21. Qd3 g6 22. Ne5 Bf5 23. Qd2 Rd8 24. R3e2 d3 25. Re3 Nxe5 26. Rxe5 Kg7 27. h3 Nh5 28. Kh2 Nxg3 29. Kxg3 f6 30. Kf2 fxe5 31. Re3 Qd4 32. Kf1 Rc8 33. Bf3 Rc2 0-1


[Site "https://www.chess.com"]

[Event "Titled Tuesday Blitz April 19 Late 2022"]
[White "Prohorov, Olexandr"]
[Black "Carrasco Miranda, Andres"]
[WhiteFideId "14105578"]
[BlackFideId "3405990"]
[WhiteElo "1993"]
[BlackElo "2177"]
[Result "1-0"]
[Round "03"]
[TimeControl "180+1"]
[Date "2022.04.19"]
[WhiteClock "0:02:20"]
[BlackClock "0:01:29"]

1. Nf3 Nf6 2. d4 g6 3. c4 Bg7 4. Nc3 d5 5. cxd5 Nxd5 6. Na4 O-O 7. e4 Nb6 8. Be3 Bg4 9. Be2 c5 10. Nxc5 Nc6 11. Nb3 a5 12. a4 Nb4 13. O-O Rc8 14. Nc5 Rc7 15. Rc1 Bxf3 16. Bxf3 e5 17. d5 f5 18. Ne6 Rxc1 19. Qxc1 Qh4 20. Nxf8 1-0


[Site "https://www.chess.com"]

[Event "Titled Tuesday Blitz April 19 Late 2022"]
[White "Przybylski, Wojciech"]
[Black "Kosteniuk, Alexandra"]
[WhiteFideId "1117599"]
[BlackFideId "4128125"]
[WhiteElo "2133"]
[BlackElo "2469"]
[Result "0-1"]
[Round "03"]
[TimeControl "180+1"]
[Date "2022.04.19"]
[WhiteClock "0:00:04"]
[BlackClock "0:01:07"]

1. d4 Nf6 2. Nd2 d5 3. Ngf3 g6 4. c3 Bg7 5. g3 c5 6. Bg2 cxd4 7. cxd4 Nc6 8. O-O O-O 9. Nb3 Bf5 10. a3 Rc8 11. Bd2 Ne4 12. Rc1 Qb6 13. Bc3 h6 14. e3 Rfd8 15. Nfd2 Nxc3 16. Rxc3 e5 17. Nf3 Be4 18. Nbd2 exd4 19. Rb3 Qa6 20. exd4 Bd3 21. Re1 Nxd4 22. Nxd4 Bxd4 23. Bf1 Bxf1 24. Nxf1 Bf6 25. Qd2 h5 26. Rd1 d4 27. h4 Bg7 28. Qf4 b6 29. Rf3 Qc4 30. Nd2 Qe6 31. Ne4 Rd7 32. Ng5 Qg4 33. Qxg4 hxg4 34. Rfd3 Rc2 35. R3d2 Rxd2 36. Rxd2 f5 37. Ne6 Bf6 38. Nf4 Kf7 39. Kf1 g5 40. hxg5 Bxg5 41. Rc2 d3 42. Rd2 Bxf4 43. gxf4 Rd4 44. Rd1 Ke6 45. Ke1 Kd5 46. Kd2 Ke4 47. Re1+ Kxf4 48. Kc3 Rd7 49. Kd2 Kf3 50. Re5 f4 51. Rf5 Rd4 52. Rg5 g3 53. fxg3 fxg3 54. Rf5+ Rf4 0-1


[Site "https://www.chess.com"]

[Event "Titled Tuesday Blitz April 19 Late 2022"]
[White "Rego, Vinicius V. de Almeida"]
[Black "Dauner, Benedikt"]
[WhiteFideId "2106485"]
[BlackFideId "16225899"]
[WhiteElo "2345"]
[BlackElo "2230"]
[Result "0-1"]
[Round "03"]
[TimeControl "180+1"]
[Date "2022.04.19"]
[WhiteClock "0:01:49"]
[BlackClock "0:01:10"]

1. Nf3 g6 2. c4 Bg7 3. d4 e6 4. Nc3 Ne7 5. e4 d5 6. Be2 O-O 7. cxd5 exd5 8. e5 c5 9. dxc5 Nbc6 10. Bf4 d4 11. Ne4 Bg4 12. O-O Bxf3 13. Bxf3 Nxe5 14. Nd6 Qc7 15. Bxb7 Rab8 16. Bf3 Qxc5 17. Ne4 Qa5 18. b3 Rbd8 19. Rc1 Nd5 20. Bxe5 Bxe5 21. Rc5 Qb6 22. Qc1 Bg7 23. Rd1 Nc3 24. Rd3 Nxa2 25. Qa3 Nb4 26. Rd2 f5 27. Rc4 fxe4 28. Rxb4 Qe6 29. Be2 d3 30. Bd1 Bc3 31. Rc4 0-1


[Site "https://www.chess.com"]

[Event "Titled Tuesday Blitz April 19 Late 2022"]
[White "Romanchuk, Viktor"]
[Black "Nathan, Nitish"]
[WhiteFideId "14109271"]
[BlackFideId "30927870"]
[WhiteElo "2242"]
[BlackElo "2263"]
[Result "1/2-1/2"]
[Round "03"]
[TimeControl "180+1"]
[Date "2022.04.19"]
[WhiteClock "0:00:13"]
[BlackClock "0:00:22"]

1. d4 d5 2. c4 c6 3. Nc3 Nf6 4. e3 Bf5 5. cxd5 cxd5 6. Qb3 Qd7 7. Nf3 Nc6 8. Bd2 e6 9. Ne5 Qc7 10. Rc1 a6 11. Na4 Bd6 12. Nxc6 bxc6 13. Qb6 Kd7 14. Ba5 Rhb8 15. Nc5+ Kd8 16. Qxc7+ Bxc7 17. Bxc7+ Kxc7 18. Nxa6+ Rxa6 19. Bxa6 Rxb2 20. a4 Ne4 21. f3 Nd2 22. Bb5 Nc4 23. Bxc4 dxc4 24. e4 Bg6 25. O-O f5 26. exf5 Bxf5 27. Rfe1 Rb4 28. Ra1 c3 29. Rec1 c2 30. a5 Rxd4 31. a6 Kb8 32. a7+ Ka8 33. Kf2 Rd7 34. Ke3 Rxa7 35. Rxa7+ Kxa7 36. Kd4 Kb7 37. g4 Bg6 38. h4 h6 39. Ke5 Kb6 40. f4 Bd3 41. Kd4 Bh7 42. Ke5 Bd3 43. Kxe6 Kc5 44. f5 Kc4 45. g5 hxg5 46. hxg5 Kc3 47. f6 gxf6 48. gxf6 Kd2 49. Rxc2+ Kxc2 50. Kd6 Bc4 51. Kxc6 Ba2 52. Kd6 Kb2 53. Ke7 Bb3 54. Kf8 Ba2 55. Ke7 Bb3 56. Kd6 Ba2 57. Kd7 Bb3 58. Kd8 Ba2 59. Kc8 Bb3 60. Kc7 Ba2 61. Kb6 Bc4 62. Kc5 Bb3 63. f7 Bxf7 1/2-1/2


[Site "https://www.chess.com"]